[Event "Mukachevo Rating March 2019"]
[Site "Mukachevo"]
[Date "2019.03.17"]
[Round "9.1"]
[White "Demeter, Dorina"]
[Black "Vanczak, Tamas"]
[Result "0-1"]
[ECO "D15"]
[WhiteElo "2140"]
[BlackElo "2263"]
[Annotator "NA"]
[PlyCount "69"]
[EventDate "2019.??.??"]
[EventCountry "UKR"]
[SourceTitle "playchess.com"]
[Source "ChessBase"]
[SourceQuality "1"]
[TimeControl "40/5400+30:900+30"]

1. Nf3 d5 2. d4 Nf6 3. c4 c6 4. Nc3 a6 5. e3 Bf5 6. Bd2 {[%emt 0:02:42] D15: Slav Defence: 4 Nc3 a6 and gambit lines after 4 Nc3 dxc4} (6. Qb3 Ra7 7. Nh4 Bc8 8. Bd2 e6 9. c5 Nbd7 10. Nf3 e5 11. Nxe5 Nxe5 12. dxe5 Nd7 13. Na4 Bxc5 14. Nxc5 Nxc5 {0-1 (84) Radjabov,T (2757)-Fedoseev,V (2724) Wijk aan Zee 2019}) 6... e6 7. Qb3 Ra7 8. Nh4 Be4 9. cxd5 cxd5 10. f3 Bg6 11. Nxg6 hxg6 12. O-O-O Nc6 13. Kb1 Be7 14. Rc1 {[%emt 0:01:29] [#]} O-O $146 15. h4 Na5 16. Qd1 Nc4 17. Bxc4 dxc4 18. Ne2 b5 19. e4 Rd7 {[%emt 0:03:39] [#]} 20. h5 $1 e5 21. d5 (21. hxg6 $16 fxg6 22. Qe1) 21... Nxd5 22. exd5 Rxd5 23. Rc2 b4 24. Kc1 $2 (24. hxg6 $16 {is forced if you want to stay better.} Bg5 25. Qc1 Rxd2 26. Rxd2 Qxd2 27. Qxc4) 24... Bg5 25. f4 {[%emt 0:03:21] [#]} exf4 $1 26. Rxc4 {[%emt 0:03:32] [#]} f3 $1 27. Nf4 fxg2 28. Rg1 Bxf4 29. Rxf4 Qb6 30. Rxg2 Qc7+ 31. Qc2 Rc5 32. Be3 Rxc2+ 33. Rxc2 Qe5 34. Bd2 Qxh5 35. Be1 0-1

[Event "Mukachevo Rating March 2019"]
[Site "Mukachevo"]
[Date "2019.03.17"]
[Round "9.2"]
[White "Vachylia, Andrii"]
[Black "Terletsky, Oleg"]
[Result "0-1"]
[ECO "E73"]
[WhiteElo "2268"]
[BlackElo "2264"]
[Annotator "NA"]
[PlyCount "124"]
[EventDate "2019.??.??"]
[EventCountry "UKR"]
[SourceTitle "playchess.com"]
[Source "ChessBase"]
[SourceQuality "1"]
[TimeControl "40/5400+30:900+30"]

1. d4 Nf6 2. c4 g6 3. Nc3 Bg7 4. e4 d6 5. Be2 O-O 6. Bg5 Na6 7. Qd2 e5 8. d5 Nc5 9. f3 a5 10. h4 c6 11. h5 {[%emt 0:00:52] E73: King's Indian: Averbakh Variation without 6...c5} cxd5 12. cxd5 a4 13. Nh3 Qa5 (13... h6 $14 14. Bxh6 Nxh5) 14. Nf2 (14. h6 $16 Bh8 15. Nb5) 14... Bd7 (14... Nxh5 $15 15. Be7 Ng3) 15. g4 Rfc8 16. hxg6 {[%emt 0:06:36] [#]} hxg6 $146 ({Predecessor:} 16... fxg6 17. Bxf6 Bxf6 18. Qh6 Be8 19. Qxh7+ {0-1 (42) Alburt,L (2535)-Spraggett,K (2560) Taxco 1985}) 17. Bh6 Bh8 $1 18. Nfd1 b5 19. Bg5 Bg7 20. Bh6 Bh8 21. Bg5 Bg7 22. Bh6 Bh8 $1 23. Bf1 b4 24. Ne2 Bxg4 25. fxg4 Ncxe4 26. Qd3 b3+ 27. Nec3 Nxc3 28. Nxc3 a3 29. axb3 Qb4 30. Bd2 axb2 31. Rxa8 Rxa8 32. Nb1 (32. g5 $1 $11 e4 33. Rxh8+ (33. Qh3 $2 Ra1+ 34. Ke2 Nh5 $19) 33... Kxh8 34. Qh3+ Nh5 35. Nb1) 32... Qxg4 33. Bc3 Bg7 34. Be2 Qg2 35. Rf1 $2 (35. Qf3 $17 Qxf3 36. Bxf3) 35... Qxd5 36. Bxb2 Qxd3 37. Bxd3 d5 38. Bb5 Rb8 39. Ba4 Ne4 40. Ba3 Bh6 41. Rf3 d4 42. Bc6 Ng5 43. Rg3 e4 44. b4 $11 Kh7 45. b5 Nf3+ 46. Kd1 Ne5 47. Bd6 Nxc6 48. Bxb8 Nxb8 49. Nd2 f5 50. Ra3 Bf4 51. Nb3 d3 52. Nc5 Kh6 53. Ne6 Bg3 54. b6 Kh5 55. Ra7 e3 56. Nd4 Nc6 57. Ne2 Be5 58. Ra4 g5 59. Rc4 f4 60. Nc1 d2 61. Nd3 f3 62. Rxc6 f2 0-1